 Dungeon Crawl Stone Soup version 0.28.0 (webtiles) character file.

Game seed: 8433519570514664046

64 boopmooplesden the Shield-Bearer (level 3, 0/33 HPs)
             Began as a Minotaur Fighter on Feb 12, 2022.
             Frozen to death by an endoplasm (4 damage)
             ... on level 3 of the Dungeon.
             The game lasted 00:01:36 (1597 turns).

boopmooplesden the Shield-Bearer (Minotaur Fighter) Turns: 1597, Time: 00:01:36

Health: 0/33       AC:  7    Str: 22    XL:     3   Next: 91%
Magic:  2/2        EV:  9    Int:  5    God:
Gold:   51         SH:  4    Dex:  9    Spells: 2/2 levels left

rFire   . . .      SeeInvis .   a - +0 long sword
rCold   . . .      Faith    .   c - +0 buckler
rNeg    . . .      Spirit   .   b - +0 scale mail
rPois   .          Reflect  .   (helmet restricted)
rElec   .          Harm     .   (no cloak)
rCorr   .          Rampage  .   (no gloves)
Will    .....                   (no boots)
Stlth   ..........              (no amulet)
HPRegen 0.11/turn               (no ring)
MPRegen 0.08/turn               (no ring)

@: no status effects
A: horns 2, retaliatory headbutt
a: no special abilities


You were on level 3 of the Dungeon.
You visited 1 branch of the dungeon, and saw 3 of its levels.

You collected 51 gold pieces.

Inventory:

Hand Weapons
 a - a +0 long sword (weapon)
Armour
 b - a +0 scale mail (worn)
 c - a +0 buckler (worn)
 l - a +0 plate armour
Jewellery
 e - a ring of see invisible
Scrolls
 f - 2 scrolls of fog {unknown}
 g - a scroll of identify {unknown}
 i - a scroll of teleportation {unknown}
 j - a scroll of amnesia {unknown}
Potions
 d - a potion of might
 h - a potion of brilliance {unknown}
 k - a potion of ambrosia {unknown}


   Skills:
 + Level 3.9 Fighting
 + Level 3.8 Long Blades
 + Level 4.2 Armour
 + Level 4.2 Shields


You had 2 spell levels left.
You didn't know any spells.
Your spell library contained the following spells:

 Spells                   Type           Power      Damage    Failure   Level
 Animate Skeleton         Necr           0%         N/A       87%         1
 Foxfire                  Conj/Fire      0%         2x1d4     87%         1
 Pain                     Necr           0%         1d4       87%         1
 Corpse Rot               Necr/Air       0%         N/A       95%         2
 Poisonous Vapours        Pois/Air       0%         N/A       95%         2
 Conjure Flame            Conj/Fire      0%         6-21      99%         3
 Dazzling Flash           Conj/Hex       0%         N/A       99%         3
 Inner Flame              Hex/Fire       0%         N/A       99%         3
 Summon Guardian Golem    Hex/Summ       0%         N/A       99%         3
 Vampiric Draining        Necr           0%         2d6       99%         3
 Flame Wave               Conj/Fire      0%         2d4       100%        4
 Agony                    Necr           0%         N/A       100%        5
 Silence                  Hex/Air        0%         N/A       100%        5
 Orb of Destruction       Conj           0%         9d5       100%        7
 Spellforged Servitor     Conj/Summ      0%         N/A       100%        7


Dungeon Overview and Level Annotations

Branches:
Dungeon (3/15)

Altars:


Innate Abilities, Weirdness & Mutations

You have a pair of horns on your head.
You reflexively headbutt those who attack you in melee.


Message History

You feel very sick. The kobold hits you but does no damage.
The kobold barely misses you.
You miss the kobold.
You feel very sick. The kobold hits you but does no damage.
You closely miss the kobold.
You feel sick. You block the kobold's attack.
You slash the kobold!
You kill the kobold!
You feel sick.
You feel sick.
Things that are here:
a +0 whip; 7 poisoned darts You feel sick.
You feel sick.
You feel sick.
An endoplasm comes into view.
You feel sick.
You are no longer poisoned.
k - a bubbling emerald potion You see here a +0 plate armour.
l - a +0 plate armour The ball python loses its grip on something.
A ball python comes into view.
An adder comes into view.
The ball python hisses angrily.
The adder hisses angrily.
A ball python comes into view.
An adder comes into view.
The endoplasm freezes you.
You are frozen.
* * * LOW HITPOINT WARNING * * *
The endoplasm freezes you.
You are frozen.
* * * LOW HITPOINT WARNING * * *
The ball python bites you.
* * * LOW HITPOINT WARNING * * *
The ball python grabs you. The ball python constricts you.
* * * LOW HITPOINT WARNING * * *
You escape the ball python's grasp.
The endoplasm freezes you.
You are frozen.
You die...

#.
###.###################
......................
#.........##......# # #
#.................# # #.
#................ #
#.###.............#######
#.......)................
#.#.....@.S.#.......###..
#......JS.#.#######....
#...........# ##...
###+#####S#.# #...
#.......S.# #...
####....#...... ####
...........#..# .
........#.## #.
..........#


You could see 2 adders, an endoplasm and 2 ball pythons.

Vanquished Creatures
  3 adders (D:2)
  An orc (D:3)
  5 bats
  4 endoplasms (D:1)
  3 giant cockroaches
  5 goblins
  4 hobgoblins (D:1)
  2 quokkas (D:1)
  5 ball pythons
  A frilled lizard (D:3)
  3 kobolds
36 creatures vanquished.

Vanquished Creatures (others)
  5 plants (D:3)
5 creatures vanquished.

Grand Total: 41 creatures vanquished

Notes
Turn   | Place    | Note
-------+----------+-------------------------------------------
     0 | D:1      | boopmooplesden the Minotaur Fighter began the quest for the
                  | Orb.
     0 | D:1      | Reached XP level 1. HP: 19/19 MP: 0/0
   123 | D:1      | You fall into a shaft and drop 1 floor!
   176 | D:1      | Reached XP level 2. HP: 27/27 MP: 1/1
   737 | D:2      | Reached XP level 3. HP: 33/33 MP: 2/2
   870 | D:2      | Found a faded altar of an unknown god.
  1597 | D:3      | Frozen to death by an endoplasm

Illustrated notes

Levels and vault maps discovered:
D:1:      scummos_arrival_hexagon, layout_loops_ring,
          chequers_serial_rivers_micro_b
D:2:      layout_rooms, shapermc_ecumenical_altar_notcrosses
D:3:      cheibrodos_pilgrimage, layout_basic, minmay_shallow_snake_nest,
          uniq_sigmund

Skill      XL: |  1  2 |
---------------+-------+-----
Shields        | 4 |  4.2
Armour         | 4 |  4.2
Long Blades    | 3 |  3.8
Fighting       | |  3.9

Action                   || total
-------------------------++-------
Melee: Long sword        ||    70
       Headbutt          ||     8
Armor: Scale mail        ||    40
Dodge: Dodged            ||    32
Block: Buckler           ||    19
